 Dungeon Crawl Stone Soup version 0.28-a0-1382-g92835e5c71 (webtiles) character file.

Game seed: 14338636204463277830

22 bjtr the Ogre Mage (level 2, -2/27 HPs)
             Began as an Ogre Hedge Wizard on Jan 2, 2022.
             Slain by Sigmund (6 damage)
             ... on level 2 of the Dungeon.
             The game lasted 00:06:10 (1559 turns).

bjtr the Ogre Mage (Ogre Hedge Wizard)              Turns: 1559, Time: 00:06:10

Health: -2/27      AC:  3    Str: 13    XL:     2   Next: 91%
Magic:  2/7        EV:  9    Int: 15    God:
Gold:   63         SH:  0    Dex:  8    Spells: 3/9 levels left

rFire   . . .      SeeInvis .   a - +0 dagger
rCold   . . .      Faith    .   (no shield)
rNeg    . . .      Spirit   .   b - +0 robe
rPois   .          Reflect  .   c - +0 hat
rElec   .          Harm     .   (no cloak)
rCorr   .          Rampage  .   (gloves unavailable)
Will    .....                   (boots unavailable)
Stlth   +.........              (no amulet)
HPRegen 0.09/turn               (no ring)
MPRegen 0.10/turn               (no ring)

@: no status effects
A: large, unfitting armour, tough skin 1
a: no special abilities


You were on level 2 of the Dungeon.
You visited 1 branch of the dungeon, and saw 2 of its levels.

You collected 63 gold pieces.

Inventory:

Hand Weapons
 a - a +0 dagger (weapon)
 o - a +0 hand axe
Missiles
 e - 68 stones
 h - 13 sling bullets
 i - 5 javelins
Armour
 b - a +0 robe (worn)
 c - a +0 hat (worn)
Magical Staves
 j - a staff of death
Scrolls
 g - a scroll of noise {unknown}
 l - a scroll of identify {unknown}
Potions
 f - a potion of brilliance {unknown}
 k - a potion of haste {unknown}
 m - a potion of attraction {unknown}
 n - a potion of mutation {unknown}


   Skills:
 * Level 1.5 Fighting
 + Level 1.9 Dodging
 + Level 1.4 Stealth
 + Level 4.3 Spellcasting
 + Level 0.9 Conjurations
 + Level 0.8 Summonings
 + Level 0.8 Translocations


You had 3 spell levels left.
You knew the following spells:

 Your Spells              Type           Power      Damage    Failure   Level
a - Magic Dart            Conj           24%        1d4       12%         1
b - Slow                  Hex            12%        N/A       19%         1
c - Blink                 Tloc           10%        N/A       19%         2
d - Call Imp              Summ           5%         N/A       19%         2

Your spell library contained the following spells:

 Spells                   Type           Power      Damage    Failure   Level
 Corpse Rot               Necr/Air       6%         N/A       26%         2
 Conjure Flame            Conj/Fire      4%         6-21      41%         3
 Mephitic Cloud           Conj/Pois/Air  4%         N/A       43%         3
 Dispel Undead            Necr           3%         3d7       87%         4
 Death Channel            Necr           1%         N/A       100%        6


Dungeon Overview and Level Annotations

Branches:
Dungeon (2/15)

Altars:

Annotations:
D:2 Sigmund


Innate Abilities, Weirdness & Mutations

You are too large for most types of armour.
You have tough skin. (AC +1)


Message History

You blink.
* * * LOW HITPOINT WARNING * * *
You feel sick.
It was a potion of curing.
You feel better.
You feel stable enough to blink again.
Casting: Blink (safe; 19% risk of failure)
Confirm with . or Enter, or press ? or * to list all spells.
You blink.
Found 8 gold pieces and a scroll labelled QESHU TUTHRI.
An endoplasm comes into view.
The endoplasm quivers.
You feel stable enough to blink again.
A goblin comes into view. It is wielding a +0 club.
Found a scroll labelled QESHU TUTHRI.
Found an escape hatch in the ceiling.
The goblin shouts!
You hear a shout!
A dart slug comes into view.
The goblin barely misses you.
Sigmund the Dreaded comes into view.
He is wielding a +0 scythe.
The goblin hits you with a +0 club. The dart slug launches a dart at you.
The slug dart hits you. Sigmund gestures at you while chanting.
The puff of flame hits you!
* * * LOW HITPOINT WARNING * * *
The goblin hits you but does no damage. The dart slug launches a dart at you.
The slug dart hits you.
* * * LOW HITPOINT WARNING * * *
You feel better.
Sigmund mumbles some strange words.
Sigmund flickers and vanishes!
Deactivating autopickup; reactivate with Ctrl-A.
The goblin barely misses you.
You hear some strange, mumbled words.
A puff of flame appears from out of thin air!
The puff of flame hits you.
* * * LOW HITPOINT WARNING * * *
You hit the dart slug but do no damage. The adder bites you but does no damage.
Something hits you.
You die...

#............
+.....#....$.......
#.....#............
#.....#J...........
#.....#............
#.....#............
#.....#............
#.....#............
..##w@g.?#............
........S...............
........{...............
........#...............
........#...............
........#...####...###..
........#...# ...# #..
........#.... ..# #..
.#.. #..... #..


You could see an adder, a dart slug and a goblin.

Vanquished Creatures
  A dart slug (D:1)
  2 ball pythons (D:1)
  An endoplasm (D:1)
  A giant cockroach (D:1)
  2 goblins (D:1)
  2 hobgoblins
  4 jackals (D:1)
  A quokka (D:1)
  2 bats (D:1)
  A rat (D:1)
17 creatures vanquished.

Notes
Turn   | Place    | Note
-------+----------+-------------------------------------------
     0 | D:1      | bjtr the Ogre Hedge Wizard began the quest for the Orb.
     0 | D:1      | Reached XP level 1. HP: 16/16 MP: 5/5
   345 | D:1      | Reached skill level 4 in Spellcasting
   423 | D:1      | Reached XP level 2. HP: 10/26 MP: 0/7
   622 | D:1      | Learned a level 1 spell: Slow
   625 | D:1      | Learned a level 2 spell: Blink
   653 | D:1      | Reached skill level 1 in Fighting
   741 | D:1      | Learned a level 2 spell: Call Imp
  1554 | D:2      | Noticed Sigmund
  1559 | D:2      | Slain by Sigmund

Illustrated notes

Levels and vault maps discovered:
D:1:      dpeg_arrival_prison, layout_loops_ring
D:2:      minmay_evil_eye, layout_basic, serial_rivers,
          chequers_serial_rivers_small_b, chequers_serial_rivers_small_b,
          chequers_serial_rivers_large_b, chequers_serial_rivers_micro_a,
          uniq_sigmund

Skill      XL: |  1  2 |
---------------+-------+-----
Spellcasting   | 4 |  4.3
Fighting       | 1 |  1.5
Dodging        | |  1.9
Stealth        | |  1.4
Conjurations   | |  0.9
Summonings     | |  0.8
Translocations | |  0.8

Action                   || total
-------------------------++-------
Melee: Dagger            ||    41
 Cast: Magic Dart        ||    40
       Slow              ||     7
       Blink             ||     3
  Use: Potion            ||     2
Armor: Robe              ||    29
Dodge: Dodged            ||    42

Table legend: (Time is in decaauts)
 A = Elapsed time spent in this place.
 B = Non-inter-level travel time spent in this place.
 C = Inter-level travel time spent in this place.
 D = Time resting spent in this place.
 E = Time spent auto-exploring this place.
 F = Levels seen in this place.
 G = Mean time per level.
                   A        B        C        D        E       F      G
               +--------+--------+--------+--------+--------+-----+--------+
         Total |   1559 |   1546 |     13 |    461 |    809 |   2 |  779.5 |
       Dungeon |   1559 |   1546 |     13 |    461 |    809 |   2 |  779.5 |
               +--------+--------+--------+--------+--------+-----+--------+

Top non-repeatable levels by time:
     D:1: 1443 daAuts
     D:2: 116 daAuts
